 Dungeon Crawl Stone Soup version 0.28.0 (webtiles) character file.

Game seed: 17917583803340926828

42 Hasart the Shield-Bearer (level 3, -1/30 HPs)
             Began as a Demigod Fighter on Feb 10, 2022.
             Slain by Robin (4 damage)
             ... on level 2 of the Dungeon.
             The game lasted 00:02:28 (1480 turns).

Hasart the Shield-Bearer (Demigod Fighter)          Turns: 1480, Time: 00:02:30

Health: -1/30      AC:  6    Str: 17    XL:     3   Next: 17%
Magic:  5/5        EV:  9    Int: 10    God:
Gold:   41         SH:  5    Dex: 17    Spells: 2/2 levels left

rFire   . . .      SeeInvis .   a - +0 long sword
rCold   . . .      Faith    .   c - +0 buckler
rNeg    . . .      Spirit   .   b - +0 scale mail
rPois   .          Reflect  .   (no helmet)
rElec   .          Harm     .   (no cloak)
rCorr   .          Rampage  .   (no gloves)
Will    .....                   (no boots)
Stlth   ..........              (no amulet)
HPRegen 0.10/turn               (no ring)
MPRegen 0.09/turn               (no ring)

@: no status effects
A: high MP 1, forlorn, divine attributes
a: no special abilities


You were on level 2 of the Dungeon.
You visited 1 branch of the dungeon, and saw 2 of its levels.

You collected 41 gold pieces.

Inventory:

Hand Weapons
 a - a +0 long sword (weapon)
Armour
 b - a +0 scale mail (worn)
 c - a +0 buckler (worn)
Scrolls
 e - 2 scrolls of teleportation {unknown}
 f - a scroll of identify {unknown}
 g - a scroll of blinking {unknown}
Potions
 d - a potion of might


   Skills:
 + Level 2.9 Fighting
 * Level 2.4 Long Blades
 + Level 2.9 Armour
 + Level 1.0 Dodging
 + Level 3.0 Shields


You had 2 spell levels left.
You didn't know any spells.
Your spell library was empty.

Dungeon Overview and Level Annotations

Branches:
Dungeon (2/15)

Shops:
D:1 *

Annotations:
D:2 Robin


Innate Abilities, Weirdness & Mutations

You have an increased reservoir of magic. (+10% MP)
You shall have no god before yourself.
Your divine heritage dramatically boosts your attributes as you level up.


Message History

You hit Robin.
Robin is lightly wounded.
Robin hits you with a +2 mace of protection.
You hit Robin but do no damage.
Robin is lightly wounded.
Robin says, "Bow before me, strongest of all the hobgoblins!"
Robin hits you but does no damage.
You hit Robin.
Robin is lightly wounded.
Robin hits you with a +2 mace of protection. x2
You hit Robin but do no damage.
Robin is lightly wounded.
Robin barely misses you.
You hit Robin.
Robin is moderately wounded.
Robin's bangles clink loudly.
Robin hits you but does no damage.
You hit Robin but do no damage.
Robin is moderately wounded.
Robin hits you with a +2 mace of protection.
You hit Robin.
Robin is heavily wounded.
Robin closely misses you.
Robin hits you with a +2 mace of protection.
You closely miss Robin.
Robin is heavily wounded.
A bat comes into view.
Robin hits you with a +2 mace of protection!
* * * LOW HITPOINT WARNING * * *
You hit Robin.
Robin is heavily wounded.
Robin hits you with a +2 mace of protection.
* * * LOW HITPOINT WARNING * * *
You closely miss Robin.
Robin is heavily wounded.
The bat barely misses you. The bat hits you.
* * * LOW HITPOINT WARNING * * *
Robin barely misses you. The bat closely misses you.
Robin hits you with a +2 mace of protection.
You die...

### #### #.. .... #.#
#..# #.#####..#
########## #.##......
#........###........#
#.##......##.#####..#
#.##.#........#.#
#...
#...<).@g.......#
#g##
#..#.#..b...###.#
#.## ...# #.##...#.#
#.#####.## ##.
#........# #.g..gg.##
.#######'# ##########
. ...# # .. ....# #
.. g....


You could see Robin and a bat.

Vanquished Creatures
  3 bats (D:1)
  4 endoplasms (D:1)
  2 giant cockroaches (D:1)
  9 goblins
  8 hobgoblins
  3 ball pythons (D:1)
  A frilled lizard (D:1)
  A kobold (D:1)
  4 rats (D:1)
35 creatures vanquished.

Notes
Turn   | Place    | Note
-------+----------+-------------------------------------------
     0 | D:1      | Hasart the Demigod Fighter began the quest for the Orb.
     0 | D:1      | Reached XP level 1. HP: 18/18 MP: 3/3
   260 | D:1      | Reached XP level 2. HP: 20/25 MP: 4/4
   569 | D:1      | Found Sewnil's General Store.
  1069 | D:2      | Noticed Robin
  1106 | D:1      | Reached skill level 1 in Dodging
  1106 | D:1      | Reached XP level 3. HP: 10/30 MP: 5/5
  1305 | D:1      | Reached skill level 3 in Shields
  1480 | D:2      | Slain by Robin

Illustrated notes

Levels and vault maps discovered:
D:1:      lightli_arrival_chessboard, layout_basic, serial_shops,
          shop_fountains, hellmonk_ecumenical_altar_pennies_from_heaven,
          due_unseen_surprise
D:2:      layout_loops_corners, uniq_terence, uniq_robin

Skill      XL: |  1  2  3 |
---------------+----------+-----
Long Blades    | 2 |  2.4
Dodging        | 1 |  1.0
Shields        | 3 |  3.0
Fighting       | |  2.9
Armour         | |  2.9

Action                   || total
-------------------------++-------
Melee: Long sword        ||   102
Armor: Scale mail        ||    61
Dodge: Dodged            ||    60
Block: Buckler           ||    26
